PAAA
PHOENIX HOTSPUR RESERVES @ PAWNEE PARKSNREC
07/29/2030
 
TOP OF THE 1ST
Phoenix Hotspur Reserves batting - Pitching for Pawnee ParksNRec : RHP Wally Copeland
Pitching: RHP Wally Copeland
Batting: SHB Jesús González 0-0: Ball
1-0: Foul Ball, location: 2F
1-1: Called Strike
1-2: Ball
2-2: Ball
3-2: Fly out, F9 (Flyball, 89D)
Batting: RHB Julián De Paz 0-0: Ball
1-0: Fly out, F9 (Flyball, 9LMF)
Batting: RHB Enrico Sánchez 0-0: Foul Ball, location: 2F
0-1: Swinging Strike
0-2: Ball
1-2: Ball
2-2: Ground out 6-3 (Groundball, 56)
Top of the 1st over - 0 runs, 0 hits, 0 errors, 0 left on base; Phoenix 0 - Pawnee 0
BOTTOM OF THE 1ST
Pawnee ParksNRec batting - Pitching for Phoenix Hotspur Reserves : RHP Kenny Kawaguchi
Pitching: RHP Kenny Kawaguchi
Batting: RHB Víctor Marrero 0-0: Called Strike
0-1: DOUBLE (Line Drive, 8LD)
Batting: SHB Vicente Pueblo 0-0: Ball
1-0: Ground out U3 (Groundball, 3L)
Víctor Marrero to third
Batting: LHB Elmer Hudgins 0-0: Ball
1-0: Ball
2-0: Fly out, F9 (Flyball, 9)
Runner from 3rd tags up, SCORES, throw made
Batting: RHB Chad Silander 0-0: Called Strike
0-1: Called Strike
0-2: Fly out, F8 (Line Drive, 8RM)
Bottom of the 1st over - 1 run, 1 hit, 0 errors, 0 left on base; Phoenix 0 - Pawnee 1
TOP OF THE 2ND
Phoenix Hotspur Reserves batting - Pitching for Pawnee ParksNRec : RHP Wally Copeland
Batting: LHB Harumi Takaki 0-0: DOUBLE (Groundball, 3L)
Batting: RHB Hieronymus Bosch 0-0: Ball
1-0: Foul Ball, location: 2F
1-1: Called Strike
1-2: Ball
2-2: Strikes out looking
Batting: RHB Solomon Norment 0-0: Ground out 5-3 (Groundball, 56)
Batting: RHB Francisco Arriagada 0-0: Ball
1-0: Foul Ball, location: 2F
1-1: Ground out 6-3 (Groundball, 56)
Top of the 2nd over - 0 runs, 1 hit, 0 errors, 1 left on base; Phoenix 0 - Pawnee 1
BOTTOM OF THE 2ND
Pawnee ParksNRec batting - Pitching for Phoenix Hotspur Reserves : RHP Kenny Kawaguchi
Batting: SHB Dave Gant 0-0: Called Strike
0-1: Ball
1-1: Ball
2-1: Ball
3-1: Foul Ball, location: 2F
3-2: Strikes out swinging
Batting: RHB Daryl Moran 0-0: Ball
1-0: Called Strike
1-1: Ball
2-1: Ball
3-1: Base on Balls
Batting: RHB Mike Lipide 0-0: Ball
1-0: Ball
2-0: Foul Ball, location: 2F
2-1: Called Strike
2-2: Strikes out swinging
Batting: RHB Iván Rodríguez 0-0: Fly out, F4 (Popup, 4)
Bottom of the 2nd over - 0 runs, 0 hits, 0 errors, 1 left on base; Phoenix 0 - Pawnee 1
TOP OF THE 3RD
Phoenix Hotspur Reserves batting - Pitching for Pawnee ParksNRec : RHP Wally Copeland
Batting: LHB Corey Ferguson 0-0: Foul Ball, location: 2F
0-1: Ball
1-1: Called Strike
1-2: Strikes out looking
Batting: RHB Rubén Andrada 0-0: Ball
1-0: Ball
2-0: Fly out, F6 (Popup, 6M)
Batting: SHB Jesús González 0-0: Foul Ball, location: 2F
0-1: Ball
1-1: Fly out, F8 (Flyball, 8LD)
Top of the 3rd over - 0 runs, 0 hits, 0 errors, 0 left on base; Phoenix 0 - Pawnee 1
BOTTOM OF THE 3RD
Pawnee ParksNRec batting - Pitching for Phoenix Hotspur Reserves : RHP Kenny Kawaguchi
Batting: RHB Ronald Hines 0-0: Fly out, F4 (Popup, 4S)
Batting: RHB Víctor Marrero 0-0: Foul Ball, location: 2F
0-1: SINGLE (Flyball, 89M)
Batting: SHB Vicente Pueblo 0-0: Called Strike
0-1: Ball
1-1: Swinging Strike
1-2: Foul Ball, location: 2F
1-2: Foul Ball, location: 2F
1-2: Foul Ball, location: 2F
1-2: Ball
2-2: Ground out U3 (Groundball, 34)
Víctor Marrero to second
Batting: LHB Elmer Hudgins 0-0: Foul Ball, location: 2F
0-1: Foul Ball, location: 2F
0-2: Ball
1-2: Ground out 6-3 (Groundball, 6)
Bottom of the 3rd over - 0 runs, 1 hit, 0 errors, 1 left on base; Phoenix 0 - Pawnee 1
TOP OF THE 4TH
Phoenix Hotspur Reserves batting - Pitching for Pawnee ParksNRec : RHP Wally Copeland
Batting: RHB Julián De Paz 0-0: Foul Ball, location: 2F
0-1: Called Strike
0-2: Strikes out swinging
Batting: RHB Enrico Sánchez 0-0: Ball
1-0: Fly out, F7 (Flyball, 7)
Batting: LHB Harumi Takaki 0-0: Called Strike
0-1: Fly out, F8 (Flyball, 8LM)
Top of the 4th over - 0 runs, 0 hits, 0 errors, 0 left on base; Phoenix 0 - Pawnee 1
BOTTOM OF THE 4TH
Pawnee ParksNRec batting - Pitching for Phoenix Hotspur Reserves : RHP Kenny Kawaguchi
Batting: RHB Chad Silander 0-0: Ball
1-0: Ball
2-0: Ball
3-0: Called Strike
3-1: Called Strike
3-2: Fly out, F9 (Flyball, 9S)
Batting: SHB Dave Gant 0-0: Foul Ball, location: 2F
0-1: Foul Ball, location: 2F
0-2: Ball
1-2: Ball
2-2: Fly out, F8 (Flyball, 8RD)
Batting: RHB Daryl Moran 0-0: Ball
1-0: Ball
2-0: Called Strike
2-1: Fly out, F9 (Flyball, 9S)
Bottom of the 4th over - 0 runs, 0 hits, 0 errors, 0 left on base; Phoenix 0 - Pawnee 1
TOP OF THE 5TH
Phoenix Hotspur Reserves batting - Pitching for Pawnee ParksNRec : RHP Wally Copeland
Batting: RHB Hieronymus Bosch 0-0: Swinging Strike
0-1: Ball
1-1: Foul Ball, location: 2F
1-2: Foul Ball, location: 2F
1-2: Foul Ball, location: 2F
1-2: Foul Ball, location: 2F
1-2: Foul Ball, location: 2F
1-2: DOUBLE (Line Drive, 78D)
Batting: RHB Solomon Norment 0-0: Bunted foul
0-1: Bunted foul
0-2: Ball
1-2: Ball
2-2: Ball
3-2: Base on Balls
Batting: RHB Francisco Arriagada 0-0: Ball
1-0: Ball
2-0: Fly out, F9 (Flyball, 9LSF)
Batting: LHB Corey Ferguson 0-0: Grounds into double play, 4-6-3 (Groundball, 4M)
Top of the 5th over - 0 runs, 1 hit, 0 errors, 1 left on base; Phoenix 0 - Pawnee 1
BOTTOM OF THE 5TH
Pawnee ParksNRec batting - Pitching for Phoenix Hotspur Reserves : RHP Kenny Kawaguchi
Batting: RHB Mike Lipide 0-0: Ball
1-0: Called Strike
1-1: Foul Ball, location: 2F
1-2: Ball
2-2: Strikes out swinging
Batting: RHB Iván Rodríguez 0-0: Called Strike
0-1: Ball
1-1: Foul Ball, location: 2F
1-2: Ball
2-2: Ball
3-2: Foul Ball, location: 2F
3-2: Fly out, F7 (Flyball, 7S)
Batting: RHB Ronald Hines 0-0: Called Strike
0-1: Called Strike
0-2: Strikes out swinging
Bottom of the 5th over - 0 runs, 0 hits, 0 errors, 0 left on base; Phoenix 0 - Pawnee 1
TOP OF THE 6TH
Phoenix Hotspur Reserves batting - Pitching for Pawnee ParksNRec : RHP Wally Copeland
Batting: RHB Rubén Andrada 0-0: Ball
1-0: Foul Ball, location: 2F
1-1: Called Strike
1-2: Ground out 4-3 (Groundball, 4M)
Batting: SHB Jesús González 0-0: Swinging Strike
0-1: SINGLE (Groundball, 3D)
Batting: RHB Julián De Paz 0-0: Called Strike
0-1: Ball
1-1: Ball
2-1: SINGLE (Line Drive, 8LS)
Jesús González to second
Batting: RHB Enrico Sánchez 0-0: Called Strike
0-1: Called Strike
0-2: Ball
1-2: Ground out 3-1 (Groundball, 34S)
Jesús González to third
Julián De Paz to second
Batting: LHB Harumi Takaki 0-0: Ball
1-0: Foul Ball, location: 2F
1-1: Swinging Strike
1-2: Strikes out looking
Top of the 6th over - 0 runs, 2 hits, 0 errors, 2 left on base; Phoenix 0 - Pawnee 1
BOTTOM OF THE 6TH
Pawnee ParksNRec batting - Pitching for Phoenix Hotspur Reserves : RHP Kenny Kawaguchi
Batting: RHB Víctor Marrero 0-0: Ground out 5-3 (Groundball, 56S)
Batting: SHB Vicente Pueblo 0-0: Swinging Strike
0-1: Foul Ball, location: 2F
0-2: SINGLE (Groundball, 4MD)
Batting: LHB Elmer Hudgins 0-0: Foul Ball, location: 2F
0-1: Foul Ball, location: 2F
0-2: Ball
1-2: Ball
2-2: Foul Ball, location: 2F
2-2: Fielders Choice at 2nd, 4-6 (Groundball, 4)
Batting: RHB Chad Silander 0-0: Foul Ball, location: 2F
0-1: Ball
1-1: Ball
2-1: DOUBLE (Line Drive, 78D)
Elmer Hudgins to third
Batting: SHB Dave Gant 0-0: Fly out, F6 (Popup, 6)
Bottom of the 6th over - 0 runs, 2 hits, 0 errors, 2 left on base; Phoenix 0 - Pawnee 1
TOP OF THE 7TH
Phoenix Hotspur Reserves batting - Pitching for Pawnee ParksNRec : RHP Wally Copeland
Batting: RHB Hieronymus Bosch 0-0: Ball
1-0: SOLO HOME RUN (Flyball, 7LD), Distance : 373 ft
Batting: RHB Solomon Norment 0-0: Called Strike
0-1: Foul Ball, location: 2F
0-2: Fly out, F8 (Flyball, 8RM)
Batting: RHB Francisco Arriagada 0-0: Ball
1-0: Called Strike
1-1: Ball
2-1: Ball
3-1: Called Strike
3-2: Foul Ball, location: 2F
3-2: Fly out, F6 (Flyball, 56D)
Batting: LHB Corey Ferguson 0-0: SOLO HOME RUN (Line Drive, 9D), Distance : 388 ft
Batting: RHB Rubén Andrada 0-0: Called Strike
0-1: Ball
1-1: Foul Ball, location: 2F
1-2: Foul Ball, location: 2F
1-2: Foul Ball, location: 2F
1-2: Ball
2-2: Ball
3-2: Foul Ball, location: 2F
3-2: DOUBLE (Flyball, 8RXD)
Pitching: RHP Trevor Brohard
Batting: SHB Jesús González 0-0: Foul Ball, location: 2F
0-1: SINGLE (Flyball, 7S) - OUT at second base trying to stretch hit.
Rubén Andrada scores
Top of the 7th over - 3 runs, 4 hits, 0 errors, 0 left on base; Phoenix 3 - Pawnee 1
BOTTOM OF THE 7TH
Pawnee ParksNRec batting - Pitching for Phoenix Hotspur Reserves : RHP Kenny Kawaguchi
Batting: RHB Daryl Moran 0-0: SINGLE (Line Drive, 78S)
Batting: RHB Mike Lipide 0-0: Called Strike
0-1: Bunted foul
0-2: Fly out, F9 (Flyball, 89M)
Batting: RHB Iván Rodríguez 0-0: Swinging Strike
0-1: Foul Ball, location: 2F
0-2: Ball
1-2: Ball
2-2: Strikes out swinging
Batting: RHB Ronald Hines 0-0: Called Strike
0-1: Foul Ball, location: 2F
0-2: Fly out, F7 (Line Drive, 7LD)
Bottom of the 7th over - 0 runs, 1 hit, 0 errors, 1 left on base; Phoenix 3 - Pawnee 1
TOP OF THE 8TH
Phoenix Hotspur Reserves batting - Pitching for Pawnee ParksNRec : RHP Trevor Brohard
Batting: RHB Julián De Paz 0-0: Ball
1-0: Ball
2-0: Ball
3-0: Called Strike
3-1: Base on Balls
Batting: RHB Enrico Sánchez 0-0: Called Strike
0-1: Called Strike
0-2: SINGLE (Line Drive, 6)
Julián De Paz to second
Batting: LHB Harumi Takaki 0-0: Fly out, F6 (Popup, 6M)
Batting: RHB Hieronymus Bosch 0-0: Ball
1-0: Fly out, F3 (Popup, 34S)
Batting: RHB Solomon Norment 0-0: Called Strike
0-1: Fielders Choice at 2nd, 5-4 (Groundball, 56)
Top of the 8th over - 0 runs, 1 hit, 0 errors, 2 left on base; Phoenix 3 - Pawnee 1
BOTTOM OF THE 8TH
Pawnee ParksNRec batting - Pitching for Phoenix Hotspur Reserves : RHP Kenny Kawaguchi
Batting: RHB Víctor Marrero 0-0: Foul Ball, location: 2F
0-1: Ground out 6-3 (Groundball, 6M)
Batting: SHB Vicente Pueblo 0-0: Ball
1-0: Ball
2-0: Ground out 5-3 (Groundball, 56)
Batting: LHB Elmer Hudgins 0-0: Called Strike
0-1: Foul Ball, location: 2F
0-2: Ball
1-2: Ball
2-2: Fly out, F8 (Flyball, 8LD)
Bottom of the 8th over - 0 runs, 0 hits, 0 errors, 0 left on base; Phoenix 3 - Pawnee 1
TOP OF THE 9TH
Phoenix Hotspur Reserves batting - Pitching for Pawnee ParksNRec : RHP Trevor Brohard
Pitching: RHP Dale Kurth
Batting: RHB Francisco Arriagada 0-0: Ball
1-0: Called Strike
1-1: Swinging Strike
1-2: Foul Ball, location: 2F
1-2: Ball
2-2: Strikes out swinging
Batting: LHB Corey Ferguson 0-0: Foul Ball, location: 2F
0-1: Ball
1-1: Called Strike
1-2: Foul Ball, location: 2F
1-2: Foul Ball, location: 2F
1-2: Ball
2-2: Fly out, F9 (Line Drive, 89D)
Batting: RHB Rubén Andrada 0-0: Ball
1-0: Fly out, F3 (Popup, 3F)
Top of the 9th over - 0 runs, 0 hits, 0 errors, 0 left on base; Phoenix 3 - Pawnee 1
BOTTOM OF THE 9TH
Pawnee ParksNRec batting - Pitching for Phoenix Hotspur Reserves : RHP Kenny Kawaguchi
Pitching: RHP Dennis Dunn
Batting: RHB Chad Silander 0-0: Ball
1-0: Foul Ball, location: 2F
1-1: Swinging Strike
1-2: Strikes out swinging
Batting: SHB Dave Gant 0-0: Ball
1-0: Fly out, F6 (Line Drive, 6)
Batting: RHB Daryl Moran 0-0: Ball
1-0: Ball
2-0: Foul Ball, location: 2F
2-1: SINGLE (Line Drive, 4MD)
Pinch Hitting: LHB Tom Benjamin 0-0: Called Strike
0-1: Foul Ball, location: 2F
0-2: Strikes out swinging
Bottom of the 9th over - 0 runs, 1 hit, 0 errors, 1 left on base; Phoenix 3 - Pawnee 1
Sunday, March 18th, 2018 - OOTP Baseball 18.8 Build 76